 Dungeon Crawl Stone Soup version 0.26-a0-1181-gd376ed14c5 (webtiles) character file.

Game seed: 6595491487343931070

70 CowFu the Insei (level 4, -4/36 HPs)
             Began as a Draconian Transmuter on Dec 27, 2020.
             Splashed by a jelly's acid (5 damage)
             ... on level 3 of the Dungeon.
             The game lasted 00:01:33 (2651 turns).

CowFu the Insei (Draconian Transmuter)              Turns: 2651, Time: 00:01:33

Health: -4/36      AC: -7    Str: 12    XL:     4   Next: 4%
Magic:  6/7        EV: 12    Int: 14    God:
Gold:   32         SH:  0    Dex: 12    Spells: 4/7 levels left

rFire    . . .     SeeInvis .   e - +1 quarterstaff (holy)
rCold    . . .     Faith    .   (shield currently unavailable)
rNeg     . . .     Spirit   .   (armour unavailable)
rPois    .         Reflect  .   (helmet currently unavailable)
rElec    .         Harm     .   (no cloak)
rCorr    .         Rampage  .   (no gloves)
Will     .....                  (boots currently unavailable)
Stlth    +.........             (no amulet)
HPRegen  0.12/turn              (no ring)
MPRegen  0.10/turn              (no ring)

@: appendages, corroded
A: unfitting armour, horns 2, talons 2, cold-blooded, AC +5
a: End Transformation


You were on level 3 of the Dungeon.
You had grown temporary horns.
You had grown temporary talons.
You visited 1 branch of the dungeon, and saw 3 of its levels.

You collected 32 gold pieces.

Inventory:

Hand Weapons
 e - a +1 quarterstaff of holy wrath (weapon)
Scrolls
 a - a scroll of fear {unknown}
 b - a scroll of identify {unknown}
 f - a scroll of noise {unknown}
 g - a scroll of amnesia {unknown}
 h - a scroll of teleportation {unknown}
 j - a scroll of enchant armour {unknown}
 k - a scroll of magic mapping {unknown}
Potions
 c - a potion of heal wounds {unknown}
 d - a potion of flight {unknown}
 i - a potion of haste {unknown}


   Skills:
 + Level 2.1 Fighting
 + Level 2.4 Dodging
 - Level 3.2 Unarmed Combat
 - Level 2.0 Spellcasting
 + Level 3.2 Transmutations


You had 4 spell levels left.
You knew the following spells:

 Your Spells              Type           Power        Failure   Level
a - Beastly Appendage     Tmut           20%          6%          1
b - Wereblood             Tmut           10%          10%         2

Your spell library contained the following spells:

 Spells                   Type           Power        Failure   Level
 Spider Form              Tmut/Pois      3%           36%         3
 Ice Form                 Ice/Tmut       6%           77%         4
 Blade Hands              Tmut           5%           86%         5


Dungeon Overview and Level Annotations

Branches:
Dungeon (3/15)

Altars:


Innate Abilities, Weirdness & Mutations

Your plain brown scales are hard. (AC +5)
You cannot fit into any form of body armour.
You are cold-blooded and may be slowed by cold attacks.
You have a pair of horns on your head.
You have razor-sharp toenails.


Message History

You are too injured to fight recklessly!
You are too injured to fight recklessly!
You are too injured to fight recklessly!
You are too injured to fight recklessly!
A jelly is nearby!
You hit the jelly but do no damage.
Your hands burn!
* * * LOW HITPOINT WARNING * * *
You headbutt the jelly.
You tail-slap the jelly, but do no damage.
The jelly is moderately wounded.
The jelly barely misses you.
You hit the jelly but do no damage.
Your hands burn!
* * * LOW HITPOINT WARNING * * *
You headbutt the jelly.
You tail-slap the jelly, but do no damage.
The jelly is severely wounded.
The jelly hits you.
* * * LOW HITPOINT WARNING * * *
The acid corrodes you!
You are splashed with acid.
You die...

########.#
.........#
##########..#
....(.......#
#..........#
#.......##
##....#..#
#..#...(#
##.@######.#
#...J.......
#.########.#
... .##. .. .
. #


You could see a jelly.

Vanquished Creatures
  2 adders (D:2)
  2 oozes (D:2)
  A worm (D:2)
  2 dart slugs
  2 leopard geckos (D:1)
  2 giant cockroaches (D:1)
  6 goblins
  2 hobgoblins (D:2)
  3 kobolds
  A ball python (D:1)
  3 bats
  7 frilled lizards
  3 rats
36 creatures vanquished.

Notes
Turn   | Place    | Note
-------+----------+-------------------------------------------
     0 | D:1      | CowFu the Draconian Transmuter began the quest for the Orb.
     0 | D:1      | Reached XP level 1. HP: 16/16 MP: 3/3
   331 | D:1      | Reached XP level 2. HP: 23/23 MP: 3/5
   361 | D:1      | Learned a level 2 spell: Wereblood
  1586 | D:2      | Reached XP level 3. HP: 12/28 MP: 6/6
  2601 | D:3      | Reached XP level 4. HP: 36/36 MP: 5/7
  2651 | D:3      | HP: 1/36 [jelly (2)]
  2651 | D:3      | Splashed by a jelly's acid

Illustrated notes

Levels and vault maps discovered:
D:1:      co_arrival_random_square_maze, layout_basic
D:2:      layout_basic, minmay_tripent
D:3:      layout_basic, zin_treasury, nemelex_altar_shiori

Skill      XL: |  1  2  3 |
---------------+----------+-----
Dodging        | 2 |  2.4
Transmutations | 3 |  3.2
Fighting       | 2 |  2.1
Unarmed Combat | |  3.2
Spellcasting   | |  2.0

Action                   |  1- 3 |  4- 6 || total
-------------------------+-------+-------++-------
Melee: Unarmed           |    73 |       ||    73
       Kick              |    16 |     1 ||    17
       Headbutt          |     7 |     2 ||     9
       Tailslap          |     5 |     2 ||     7
       Punch             |     1 |       ||     1
       Quarterstaff      |    17 |     8 ||    25
 Cast: Beastly Appendage |    32 |     1 ||    33
Armor: Skin              |    23 |     2 ||    25
Dodge: Dodged            |    50 |     3 ||    53

Table legend: (Time is in decaauts)
 A = Elapsed time spent in this place.
 B = Non-inter-level travel time spent in this place.
 C = Inter-level travel time spent in this place.
 D = Time resting spent in this place.
 E = Time spent auto-exploring this place.
 F = Levels seen in this place.
 G = Mean time per level.
                   A        B        C        D        E       F      G
               +--------+--------+--------+--------+--------+-----+--------+
         Total |   2653 |   2581 |     72 |      0 |   2307 |   3 |  884.3 |
       Dungeon |   2653 |   2581 |     72 |      0 |   2307 |   3 |  884.3 |
               +--------+--------+--------+--------+--------+-----+--------+

Top non-repeatable levels by time:
     D:2: 1412 daAuts
     D:1: 1159 daAuts
     D:3: 81 daAuts
